 Dungeon Crawl Stone Soup version bcrawl-1.34.1 (webtiles) character file.

Game seed: 4307173867095856181

191851 Metae the Shooter (level 6, -3/55 HPs)
             Began as a Centaur Hunter on Sept 6, 2021.
             Killed by divine providence
             ... invoked by an orc priest
              (12 damage)
             ... on level 3 of the Dungeon.
             The game lasted 00:16:39 (2706 turns).

Metae the Shooter (Centaur Hunter)                  Turns: 2706, Time: 00:16:40

Health: -3/55      AC:  7    Str: 17    XL:     6   Next: 19%
Magic:  6/6        EV:  8    Int: 16    God:
Gold:   213        SH:  0    Dex: 11    Spells: 5/5 levels left

rFire    + . .     SeeInvis .   b - +0 short sword
rCold    + . .     Gourm    .   (no shield)
rNeg     . . .     Faith    .   y - +0 ring mail
rPois    +         Spirit   .   (no helmet)
rElec    +         Reflect  .   (no cloak)
rCorr    +         Harm     .   s - +0 pair of gloves
MR       .....                  (no barding)
Stlth    ..........             u - amulet of magic regeneration
HPRegen  0.18/turn              l - +5 ring of intelligence
MPRegen  0.35/turn              (no ring)

@: resistant, very quick
A: large, hooves 3, deformed body, herbivore, speed 2, tough skin 3
a: no special abilities


You were on level 3 of the Dungeon.
You were not hungry.

You visited 1 branch of the dungeon, and saw 3 of its levels.

You collected 213 gold pieces.

Inventory:

Hand Weapons
 a - a +2 shortbow
 b - a +0 short sword (weapon)
Missiles
 d - 118 arrows
 p - 88 poisoned needles
 w - 95 bolts
Armour
 c - a +0 leather armour
 s - a +0 pair of gloves (worn)
 y - a +0 ring mail (worn)
Jewellery
 l - a +5 ring of intelligence (left hand)
 u - an amulet of magic regeneration (around neck)
Scrolls
 f - a scroll of fear {unknown}
 g - 3 scrolls of remove curse
 i - 2 scrolls of immolation {unknown}
 k - a scroll of amnesia {unknown}
 m - 2 scrolls of noise
 n - 2 scrolls of magic mapping {unknown}
 o - 2 scrolls of enchant weapon {unknown}
 q - a scroll of enchant armour {unknown}
 r - a scroll of fog {unknown}
 x - a scroll of teleportation {unknown}
Potions
 j - a potion of invisibility
 t - a potion of cancellation {unknown}
 v - a potion of heal wounds {unknown}
 z - a potion of magic {unknown}
Comestibles
 e - 3 rations {!d}


   Skills:
 * Level 4.8 Fighting
 * Level 7.5 Bows
 + Level 2.2 Armour
 - Level 1.3 Dodging
 - Level 0.5 Stealth


You had 5 spell levels left.
You didn't know any spells.
Your spell library was empty.

Dungeon Overview and Level Annotations

Branches:
Dungeon (3/12)

Altars:


Innate Abilities, Weirdness & Mutations

You have hooves in place of feet.
Armour fits poorly on your strangely shaped body.
You are a herbivore.
You cover ground very quickly.
You have extremely tough skin. (AC +3)


Message History

You hit the adder. You kick the adder.
The adder is severely wounded.
A puff of flame appears from out of thin air!
The puff of flame hits you!
* * * LOW HITPOINT WARNING * * *
The adder barely misses you. The adder bites you but does no damage.
You closely miss the adder.
The adder is severely wounded.
The adder closely misses you.
You feel protected. Something hits you but does no damage.
The adder bites you but does no damage. The adder barely misses you.
Something hits you but does no damage.
You barely miss the adder.
The adder is severely wounded.
Something hits you but does no damage. The adder closely misses you.
You hit the adder.
You kill the adder!
The orc priest calls down the wrath of Beogh upon you.
Beogh smites you!
You die...

#........#..... ##
#........#PP... .
#.###....####P# .##
...... ... ...
..##... ##.# #.# ..#
#.# ### ####†#
#.o.@# #.#### #.#
#.# #.# #.# #.# #.#
#.# #.# #.#
####o#### ###.#
#.......#####...####
#..................#


You could see an orc priest.

Vanquished Creatures
  Sigmund (D:2)
  2 orc wizards
  3 adders (D:3)
  A shadow imp (D:3)
  2 worms (D:2)
  3 dart slugs
  2 leopard geckos (D:1)
  2 orcs (D:3)
  A ball python (D:2)
  3 giant cockroaches
  6 goblins
  10 hobgoblins
  4 jackals (D:2)
  9 kobolds
  A quokka (D:1)
  5 bats
  4 frilled lizards
  10 rats
69 creatures vanquished.

Notes
Turn   | Place    | Note
-------+----------+-------------------------------------------
     0 | D:1      | Metae the Centaur Hunter began the quest for the Orb.
     0 | D:1      | Reached XP level 1. HP: 17/17 MP: 1/1
   473 | D:1      | Reached XP level 2. HP: 20/25 MP: 2/2
   708 | D:1      | Reached XP level 3. HP: 31/31 MP: 3/3
  1088 | D:2      | Reached skill level 6 in Bows
  1103 | D:2      | Reached skill level 1 in Armour
  1138 | D:1      | Reached XP level 4. HP: 15/38 MP: 4/4
  1453 | D:2      | Noticed Sigmund
  1785 | D:2      | Killed Sigmund
  1786 | D:2      | Reached skill level 7 in Bows
  1786 | D:2      | Reached XP level 5. HP: 37/47 MP: 5/5
  2529 | D:3      | Reached XP level 6. HP: 53/53 MP: 6/6
  2706 | D:3      | Killed from afar by an orc priest

Skill      XL: |  1  2  3  4 |
---------------+-------------+-----
Fighting       | 3 4 |  4.8
Bows           | 6 7 |  7.5
Armour         | 1 2 |  2.2
Dodging        | |  1.3
Stealth        | |  0.5

Action                   |  1- 3 |  4- 6 || total
-------------------------+-------+-------++-------
Melee: Short sword       |    43 |    66 ||   109
       Kick              |     7 |    21 ||    28
 Fire: Shortbow          |    60 |    62 ||   122
  Use: Potion            |     1 |     2 ||     3
       Scroll            |       |     5 ||     5
  Eat: Ration            |     1 |     2 ||     3
Armor: Leather armour    |    17 |    17 ||    34
       Ring mail         |       |     9 ||     9
Dodge: Dodged            |    24 |    28 ||    52
